 Dungeon Crawl Stone Soup version 0.19.1 (webtiles) character file.

156 Jerry the Slasher (level 5, -3/42 HPs)
             Began as a Minotaur Gladiator on Dec 22, 2016.
             Slain by Menkaure (16 damage)
             ... on level 4 of the Dungeon.
             The game lasted 00:05:05 (2337 turns).

Jerry the Slasher (Minotaur Gladiator)              Turns: 2337, Time: 00:05:05

Health: -3/42      AC: 14    Str: 19    XL:     5   Next: 15%
Magic:  4/4        EV:  7    Int:  5    God:
Gold:   170        SH:  0    Dex: 12    Spells: 0 memorised, 4 levels left

rFire  + . .     SeeInvis .     a - +0 long sword
rCold  + . .     Gourm    .     g - +0 plate armour
rNeg   . . .     Faith    .     (no shield)
rPois  .         Spirit   .     c - +0 hat
rElec  .         Reflect  .     y - +0 cloak (curse)
rCorr  .         Harm     .     m - +0 pair of gloves
MR     .....                    i - +0 pair of boots
Stlth  ..........               (no amulet)
                                n - ring of protection from cold
                                p - ring of protection from fire

@: no status effects
A: retaliatory headbutt, horns 2
a: no special abilities


You were on level 4 of the Dungeon.
You were near starving.

You visited 1 branch of the dungeon, and saw 4 of its levels.

You collected 170 gold pieces.

Inventory:

Hand Weapons
 a - a +0 long sword (weapon)
Missiles
 d - 3 throwing nets (quivered)
Armour
 c - a +0 hat (worn)
 g - a +0 plate armour (worn)
 i - a +0 pair of boots (worn)
 m - a +0 pair of gloves (worn)
 y - a cursed +0 cloak (worn)
Jewellery
 j - an uncursed ring of ice
 n - a ring of protection from cold (right hand)
 p - a ring of protection from fire (left hand)
Scrolls
 b - a scroll of teleportation {unknown}
 h - a scroll of magic mapping {unknown}
 o - 2 scrolls of enchant weapon {unknown}
 q - a scroll of remove curse
 r - a scroll of noise {unknown}
 s - a scroll of immolation {unknown}
 u - a scroll of blinking {unknown}
Potions
 e - 2 potions of curing
 k - a potion of might {unknown}
 l - a potion of brilliance {unknown}
 t - a potion of mutation {unknown}
 v - a potion of heal wounds {unknown}
 x - a potion of lignification {unknown}
Books
 w - a book of Minor Magic

   Spells                             Type                      Level
   a - Magic Dart                     Conjuration                  1
   b - Blink                          Translocation                2
   c - Call Imp                       Summoning                    2
   d - Repel Missiles                 Charms/Air                   2
   e - Slow                           Hexes                        2
   f - Conjure Flame                  Conjuration/Fire             3
   g - Mephitic Cloud                 Conjuration/Poison/Air       3
Comestibles
 f - 3 bread rations


   Skills:
 - Level 2.4 Fighting
 + Level 5.0 Long Blades
 - Level 2.0 Throwing
 + Level 3.1 Armour
 + Level 4.7 Dodging


You had 4 spell levels left.
You didn't know any spells.

Dungeon Overview and Level Annotations

Branches:
Dungeon (4/15)
 Temple: D:4-7

Altars:

Annotations:
D:4 Menkaure


Innate Abilities, Weirdness & Mutations

You reflexively headbutt those who attack you in melee.
You have a pair of horns on your head.


Message History

Menkaure shouts!
There is a stone staircase leading up here.
You slash the jackal skeleton!
You destroy the jackal skeleton!
Menkaure calls on the powers of darkness!
Your body is wracked with pain!
Found 18 gold pieces.
A worm comes into view.
Menkaure mumbles some strange words.
Menkaure seems to speed up.
Your plate armour prevents you from hitting Menkaure.
Menkaure hits you.
You hit Menkaure but do no damage. Menkaure barely misses you.
You furiously retaliate!
You headbutt Menkaure. Menkaure casts a spell at you.
Pain shoots through your body!
You hit Menkaure.
Menkaure is lightly damaged.
Menkaure hits you!
You die...

## #. # #w ###
#.#. ....#.#.##
......M#.#####.#
.......@.<.....#
.######.######...
#.# #$# #.# #.#
#.# ...


You could see Menkaure.

Vanquished Creatures
  Crazy Yiuf (D:3)
  4 gnolls (D:2)
  2 adders (D:3)
  2 worms (D:2)
  A leopard gecko (D:2)
  5 orcs (D:3)
  A ball python (D:1)
  A giant cockroach (D:1)
  10 goblins
  5 hobgoblins
  6 kobolds
  A quokka (D:3)
  7 bats
  12 frilled lizards
  A jackal skeleton (D:4)
  6 rats
  A fungus (D:3)
66 creatures vanquished.

Vanquished Creatures (others)
  4 toadstools (D:1)
4 creatures vanquished.

Grand Total: 70 creatures vanquished

Notes
Turn   | Place    | Note
-------+----------+-------------------------------------------
     0 | D:1      | Jerry the Minotaur Gladiator began the quest for the Orb.
     0 | D:1      | Reached XP level 1. HP: 18/18 MP: 0/0
   100 | D:1      | Reached skill level 1 in Armour
   133 | D:1      | Reached XP level 2. HP: 22/25 MP: 1/1
   359 | D:1      | Reached skill level 4 in Long Blades
   531 | D:2      | Reached XP level 3. HP: 16/30 MP: 2/2
  1012 | D:2      | Reached XP level 4. HP: 23/37 MP: 3/3
  1025 | D:2      | HP: 1/37 [poisoned by a kobold]
  1759 | D:3      | Found a faded altar of an unknown god.
  2023 | D:3      | Found a runed door.
  2027 | D:3      | Noticed Crazy Yiuf
  2033 | D:3      | Killed Crazy Yiuf
  2033 | D:3      | Reached skill level 5 in Long Blades
  2033 | D:3      | Reached XP level 5. HP: 6/42 MP: 4/4
  2331 | D:4      | Noticed Menkaure
  2337 | D:4      | Slain by Menkaure

Skill      XL: |  1  2  3  4 |
---------------+-------------+-----
Armour         | 1 2 3 |  3.1
Long Blades    | 4 5 |  5.0
Dodging        | 4 |  4.7
Fighting       | |  2.4
Throwing       | |  2.0

Action                   |  1- 3 |  4- 6 || total
-------------------------+-------+-------++-------
Melee: Long sword        |   110 |    60 ||   170
       Headbutt          |    16 |    13 ||    29
  Use: Scroll            |     1 |       ||     1
       Potion            |       |     1 ||     1
  Eat: Chunk             |       |     3 ||     3
Armor: Leather armour    |     5 |       ||     5
       Plate armour      |    99 |    37 ||   136
Dodge: Dodged            |    56 |    21 ||    77
       Rpst.: Long sword |    17 |     3 ||    20
